 Dungeon Crawl Stone Soup version 0.29.0-4-gdea44cf6ec (webtiles) character file.

Game seed: 9704165903430105229

16247 qw the Grappler (level 12, -8/114 HPs)
             Began as a Troll Cinder Acolyte on Sept 3, 2022.
             Was an Initiate of Ignis.
             Mangled by a ten-headed hydra (11 damage)
             ... on level 2 of the Lair of Beasts.
             The game lasted 00:06:54 (9695 turns).

qw the Grappler (Troll Cinder Acolyte)              Turns: 9695, Time: 00:06:54

Health: -8/114     AC:  7    Str: 29    XL:     12   Next: 8%
Magic:  0/12       EV:  8    Int: 10    God:    Ignis [......]
Gold:   224        SH:  9    Dex:  5    Spells: 13/13 levels left

rFire   + . .      SeeInvis .     - Unarmed
rCold   . . .      Faith    .   b - +0 kite shield
rNeg    + . .      Spirit   +   a - +0 robe
rPois   .          Reflect  .   (helmet restricted)
rElec   .          Harm     .   c - +2 cloak
rCorr   +          Rampage  .   (gloves unavailable)
Will    .....                   (boots unavailable)
Stlth   +.........              k - amulet of guardian spirit
HPRegen 1.09/turn               l - ring of Taicerou {+Blink rN+ rCorr Slay+3}
MPRegen 0.13/turn               t - +4 ring of slaying {mikee}

@: lethally poisoned (-8 -> -16), about to teleport, very slow
A: large, unfitting armour, claws 3, regeneration 1, shaggy fur 1, tough skin 1
a: Renounce Religion, Evoke Blink, Rising Flame


You were on level 2 of the Lair of Beasts.
You worshipped Ignis.
Ignis was noncommittal.
You visited 2 branches of the dungeon, and saw 11 of its levels.
You also visited: Gauntlet.

You collected 543 gold pieces.
You spent 319 gold pieces at shops.


Innate Abilities, Weirdness & Mutations

You are too large for most types of armour.
You have claws for hands.
Your natural rate of healing is unusually fast.
You are covered in fur. (AC +1)
You have tough skin. (AC +1)


   Skills:
 - Level 6.0 Fighting
 + Level 4.9 Throwing
 - Level 1.2 Armour
 - Level 1.0 Dodging
 - Level 10.0 Shields
 - Level 14.3 Unarmed Combat
 - Level 1.0 Spellcasting
 - Level 2.1 Fire Magic


You had 13 spell levels left.
You didn't know any spells.
Your spell library contained the following spells:

 Spells                   Type           Power      Damage    Failure   Level
 Scorch                   Fire           8%         2d5       36%         2

Inventory:

Missiles
 e - 11 boomerangs
 g - 2 javelins
 o - 4 silver javelins (quivered)
Armour
 a - a +0 robe (worn)
 b - a +0 kite shield (worn)
 c - a +2 cloak (worn)
Jewellery
 k - an amulet of guardian spirit (around neck)
 l - the ring of Taicerou (left claw) {+Blink rN+ rCorr Slay+3}
   (You took it off a minotaur in a Gauntlet)

   [ring of resist corrosion]

   Slay:      It affects your accuracy & damage with ranged weapons and melee
   (+3).
   rN:        It protects you from negative energy.
   +Blink:    It lets you blink.
   rCorr:     It protects you from acid and corrosion.
 t - a +4 ring of slaying (right claw) {mikee}
 v - a ring of fire
Wands
 j - a wand of digging (15)
Scrolls
 f - 2 scrolls of brand weapon
 h - 2 scrolls of identify
 p - 4 scrolls of enchant weapon
 u - 2 scrolls of enchant armour
Potions
 d - 2 potions of curing
 i - 2 potions of haste
 m - 2 potions of might
 n - a potion of heal wounds
 r - 2 potions of mutation
 s - a potion of cancellation

Dungeon Overview and Level Annotations

Branches:
Dungeon (9/15)             Temple (0/1) D:7            Lair (2/5) D:9
    Orc (0/2) D:9         Gauntlet (visited)
  Swamp: Lair:2-3    Shoals: Lair:2-3     Snake: Lair:2-3    Spider: Lair:2-3

Altars:
Elyvilon
Gozag
Kikubaaqudgha
Makhleb
Nemelex Xobeh
Okawaru

Shops:
D:4 !:   D:5 (   D:9 ?

Annotations:
D:3 1 runed translucent door, qw's ghost, weakling FoCA


Message History

The six-headed hydra grows two more!
You mangle the eight-headed hydra!!
The eight-headed hydra is moderately wounded.
You block the eight-headed hydra's attack. x2
The eight-headed hydra bites you but does no damage. x2
The eight-headed hydra bites you!
The eight-headed hydra barely misses you.
The eight-headed hydra bites you! The eight-headed hydra bites you.
The cane toad stings you but does no damage.
A five-headed hydra comes into view.
The five-headed hydra roars!
You tear one of the eight-headed hydra's heads off!
The seven-headed hydra grows two more!
You eviscerate the nine-headed hydra!!!
The nine-headed hydra is severely wounded.
You hear a loud, deep croak!
The cane toad barely misses you. The nine-headed hydra bites you.
The nine-headed hydra bites you! x2
You block the nine-headed hydra's attack. x2
The nine-headed hydra misses you.
The nine-headed hydra bites you but does no damage.
The nine-headed hydra bites you!
The nine-headed hydra barely misses you.
You claw one of the nine-headed hydra's heads off!
The eight-headed hydra grows two more!
You mangle the ten-headed hydra!!
The ten-headed hydra is almost dead.
The cane toad stings you!!
You are poisoned.
The cane toad poisons you! The ten-headed hydra barely misses you.
The ten-headed hydra bites you! The ten-headed hydra bites you. x2
The ten-headed hydra closely misses you.
The ten-headed hydra barely misses you. The ten-headed hydra bites you.
The ten-headed hydra bites you but does no damage.
You block the ten-headed hydra's attack.
The ten-headed hydra bites you but does no damage.
9695 ||| READING scroll of teleportation.
As you read the scroll of teleportation, it crumbles to dust.
You feel strangely unstable.
You feel very sick.
The cane toad stings you but does no damage.
The ten-headed hydra bites you! x2
You die... #### 7777

77# ...77777.### ##
7777..[77.....#######.
77~~~~...77..#..##.##..
7~~~~~D~77.............
7~~~~%DF~77..###.##P...
7~~~~~@...77.# #.####..
7777777..77..# ### #..
P........# #..
#........# ###
####.+P.## ##.....
###P.# ###. ..


You could see a ten-headed hydra, a five-headed hydra and a cane toad.

Vanquished Creatures
  A minotaur (Gauntlet)
  Erica (D:8)
  2 two-headed ogres
  A hell hog (Gauntlet)
  A slime creature (Gauntlet)
  Amaemon (D:8)
  A sixfirhy (Gauntlet)
  An elephant (D:9)
  An orange demon (D:8)
  2 cane toads (Lair:1)
  A komodo dragon (Lair:1)
  A torpor snail (Lair:1)
  A hornet (Lair:1)
  Grinder (D:3)
  11 blink frogs
  5 yaks (Lair:1)
  4 wyverns
  A steam dragon (Lair:1)
  Grum (Lair:1)
  2 basilisks (D:9)
  2 fire bats (Gauntlet)
  A swamp worm (Lair:2)
  A hell hound (Gauntlet)
  2 water moccasins
  2 sky beasts
  A black bear (D:6)
  6 orc warriors
  2 ice beasts
  2 ogres
  2 wolves (Lair:1)
  5 centaurs
  2 phantoms
  A kobold brigand (D:7)
  4 gnoll sergeants
  2 bullfrogs
  5 scorpions
  2 necrophages (D:5)
  5 killer bees (D:8)
  2 howler monkeys
  10 hounds
  7 jellies
  A gnoll bouda (D:5)
  6 orc priests
  Ijyb (D:3)
  6 iguanas
  10 orc wizards
  42 gnolls
  12 adders
  A white imp (D:6)
  5 ufetubi
  2 worms (D:2)
  5 dart slugs
  42 orcs
  6 ball pythons
  9 bats
  8 endoplasms
  2 giant cockroaches
  6 goblins
  4 hobgoblins
  7 jackals
  15 kobolds
  3 quokkas
  5 frilled lizards
  8 rats
312 creatures vanquished.

Vanquished Creatures (others)
  5 plants
  3 withered plants (Gauntlet)
8 creatures vanquished.

Grand Total: 320 creatures vanquished

Notes
Turn   | Place    | Note
-------+----------+-------------------------------------------
     0 | D:1      | qw the Troll Cinder Acolyte began the quest for the Orb.
     0 | D:1      | Reached XP level 1. HP: 22/22 MP: 1/1
     0 | D:1      | 0 ||| qw: Version: 0.1-a-102-g441f92d
     0 | D:1      | 0 ||| qw: Game counter: 5236
     0 | D:1      | 0 ||| qw: Always use a shield: true
     0 | D:1      | 0 ||| qw: God list: Okawaru
     0 | D:1      | 0 ||| qw: Allow faded altars: false
     0 | D:1      | 0 ||| qw: Do Orc after D:15 true
     0 | D:1      | 0 ||| qw: Do second Lair branch before Depths: true
     0 | D:1      | 0 ||| qw: Lair rune preference: random
     0 | D:1      | 0 ||| qw: Plans: Normal
     0 | D:1      | 0 ||| PLANNING D:1-11
   142 | D:1      | Reached XP level 2. HP: 29/29 MP: 2/2
   533 | D:1      | Reached skill level 4 in Unarmed Combat
   683 | D:1      | 683 ||| Stepping ~*~*~tactically~*~*~ (hiding).
   849 | D:1      | 849 ||| READING scroll labelled BIUD BE WUOHEMP.
   850 | D:1      | 850 ||| READING scroll labelled PAUVARUHAE.
   851 | D:1      | 851 ||| READING scroll labelled UTINGA ANEI.
   895 | D:2      | 895 ||| STAIRDANCE
   920 | D:2      | Reached XP level 3. HP: 36/36 MP: 3/3
  1118 | D:2      | 1118 ||| Stepping ~*~*~tactically~*~*~ (outnumbered).
  1119 | D:2      | 1119 ||| Stepping ~*~*~tactically~*~*~ (outnumbered).
  1120 | D:2      | 1120 ||| Stepping ~*~*~tactically~*~*~ (outnumbered).
  1129 | D:2      | Reached XP level 4. HP: 42/44 MP: 4/4
  1145 | D:2      | 1145 ||| Stepping ~*~*~tactically~*~*~ (stealth).
  1171 | D:2      | 1171 ||| Stepping ~*~*~tactically~*~*~ (stealth).
  1178 | D:2      | 1178 ||| Stepping ~*~*~tactically~*~*~ (stealth).
  1188 | D:2      | Reached skill level 5 in Unarmed Combat
  1447 | D:2      | 1447 ||| READING scroll labelled ZEASAN JAVO.
  1448 | D:2      | 1448 ||| READING scroll labelled FUHEBB NUSTREN.
  1449 | D:2      | 1449 ||| DRINKING 2 green potions.
  1481 | D:2      | 1481 ||| DROPPING potion of lignification.
  1567 | D:3      | Found a runed translucent door.
  1567 | D:3      | Noticed qw's ghost (weakling FoCA)
  1656 | D:3      | 1656 ||| Stepping ~*~*~tactically~*~*~ (hiding).
  1664 | D:3      | 1664 ||| INVOKING Fiery Armour.
  1673 | D:3      | Reached XP level 5. HP: 29/50 MP: 5/5
  1673 | D:3      | 1673 ||| Stepping ~*~*~tactically~*~*~ (outnumbered).
  1680 | D:3      | 1680 ||| FLEEEEING.
  1681 | D:3      | 1681 ||| FLEEEEING.
  1732 | D:3      | Noticed Grinder
  1740 | D:3      | Killed Grinder
  1741 | D:3      | Reached skill level 7 in Unarmed Combat
  1741 | D:3      | Reached XP level 6. HP: 52/59 MP: 6/6
  1741 | D:3      | 1741 ||| FLEEEEING.
  1760 | D:3      | 1760 ||| Stepping ~*~*~tactically~*~*~ (stealth).
  1914 | D:3      | Noticed Ijyb
  1927 | D:3      | Killed Ijyb
  2270 | D:3      | 2270 ||| UPGRADING to amulet of guardian spirit.
  2275 | D:3      | 2275 ||| READING scroll labelled HUUSIUB SIRCHUA.
  2276 | D:3      | 2276 ||| READING scroll labelled GUROOT CESYB.
  2296 | D:3      | 2296 ||| READING scroll labelled LUONLA FUPI.
  2297 | D:3      | 2297 ||| DRINKING 3 red potions.
  2298 | D:3      | 2298 ||| READING 3 scrolls of identify.
  2298 | D:3      | 2298 ||| IDENTIFYING purple potion
  2299 | D:3      | 2299 ||| READING 2 scrolls of identify.
  2299 | D:3      | 2299 ||| IDENTIFYING coppery potion
  2300 | D:3      | 2300 ||| DROPPING potion of brilliance.
  2301 | D:3      | 2301 ||| DROPPING potion of flight.
  2363 | D:4      | 2363 ||| Stepping ~*~*~tactically~*~*~ (hiding).
  2364 | D:4      | 2364 ||| INVOKING Fiery Armour.
  2406 | D:4      | 2406 ||| Stepping ~*~*~tactically~*~*~ (stealth).
  2407 | D:4      | 2407 ||| Stepping ~*~*~tactically~*~*~ (stealth).
  2509 | D:4      | Found Diatiu's Book Shop.
  2621 | D:4      | Reached skill level 8 in Unarmed Combat
  2625 | D:4      | Reached skill level 3 in Fighting
  2625 | D:4      | Reached XP level 7. HP: 35/67 MP: 2/7
  2957 | D:4      | Found Biha's Distillery.
  2967 | D:4      | 2967 ||| BUYING potion of heal wounds (55 gold).
  2967 | D:4      | Bought a potion of heal wounds for 55 gold pieces
  2967 | D:4      | 2967 ||| BUYING potion of might (44 gold).
  2967 | D:4      | Bought a potion of might for 44 gold pieces
  2967 | D:4      | 2967 ||| SHOPLISTING potion of mutation (88 gold, have 84).
  2967 | D:4      | 2967 ||| SHOPLISTING potion of resistance (110 gold, have
                  | 84).
  3184 | D:4      | 3184 ||| UPGRADING to +0 cloak.
  3189 | D:4      | 3189 ||| READING scroll of enchant armour.
  3189 | D:4      | 3189 ||| ENCHANTING +0 cloak.
  3190 | D:4      | 3190 ||| UPGRADING to +4 ring of slaying {mikee}.
  3191 | D:4      | 3191 ||| READING scroll labelled NYUHAS VERPH.
  3192 | D:4      | 3192 ||| READING scroll labelled WUCUKYMOES.
  3248 | D:5      | Entered Level 5 of the Dungeon
  3255 | D:5      | 3255 ||| STAIRDANCE
  3278 | D:5      | 3278 ||| Stepping ~*~*~tactically~*~*~ (stealth).
  3294 | D:5      | 3294 ||| Stepping ~*~*~tactically~*~*~ (outnumbered).
  3295 | D:5      | 3295 ||| Stepping ~*~*~tactically~*~*~ (outnumbered).
  3297 | D:5      | 3297 ||| Stepping ~*~*~tactically~*~*~ (outnumbered).
  3298 | D:5      | 3298 ||| Stepping ~*~*~tactically~*~*~ (outnumbered).
  3299 | D:5      | 3299 ||| Stepping ~*~*~tactically~*~*~ (outnumbered).
  3300 | D:5      | 3300 ||| INVOKING Fiery Armour.
  3301 | D:5      | 3301 ||| Stepping ~*~*~tactically~*~*~ (outnumbered).
  3302 | D:5      | 3302 ||| STAIRDANCE
  3305 | D:4      | Reached skill level 9 in Unarmed Combat
  3360 | D:5      | 3360 ||| STAIRDANCE
  3365 | D:4      | Reached skill level 1 in Dodging
  3468 | D:5      | 3468 ||| Stepping ~*~*~tactically~*~*~ (outnumbered).
  3476 | D:5      | Reached XP level 8. HP: 68/75 MP: 6/8
  3481 | D:5      | 3481 ||| FLEEEEING.
  3482 | D:5      | 3482 ||| STAIRDANCE
  3509 | D:5      | 3509 ||| FLEEEEING.
  3510 | D:5      | 3510 ||| FLEEEEING.
  3522 | D:5      | 3522 ||| Stepping ~*~*~tactically~*~*~ (stealth).
  3525 | D:5      | 3525 ||| Stepping ~*~*~tactically~*~*~ (stealth).
  3530 | D:5      | 3530 ||| Stepping ~*~*~tactically~*~*~ (stealth).
  3548 | D:5      | 3548 ||| Stepping ~*~*~tactically~*~*~ (hiding).
  3555 | D:5      | Reached skill level 10 in Unarmed Combat
  3563 | D:5      | 3563 ||| Stepping ~*~*~tactically~*~*~ (stealth).
  3565 | D:5      | 3565 ||| Stepping ~*~*~tactically~*~*~ (stealth).
  3572 | D:5      | 3572 ||| Stepping ~*~*~tactically~*~*~ (stealth).
  3573 | D:5      | 3573 ||| Stepping ~*~*~tactically~*~*~ (stealth).
  3578 | D:5      | 3578 ||| Stepping ~*~*~tactically~*~*~ (stealth).
  3582 | D:5      | 3582 ||| Stepping ~*~*~tactically~*~*~ (stealth).
  3632 | D:5      | Reached skill level 1 in Throwing
  3645 | D:5      | 3645 ||| FLEEEEING.
  3646 | D:5      | 3646 ||| FLEEEEING.
  3678 | D:5      | 3678 ||| INVOKING Fiery Armour.
  3697 | D:5      | 3697 ||| Stepping ~*~*~tactically~*~*~ (outnumbered).
  3756 | D:5      | 3756 ||| Stepping ~*~*~tactically~*~*~ (outnumbered).
  3757 | D:5      | 3757 ||| Stepping ~*~*~tactically~*~*~ (outnumbered).
  3758 | D:5      | 3758 ||| Stepping ~*~*~tactically~*~*~ (outnumbered).
  3760 | D:5      | 3760 ||| Stepping ~*~*~tactically~*~*~ (outnumbered).
  3764 | D:5      | 3764 ||| Stepping ~*~*~tactically~*~*~ (outnumbered).
  3765 | D:5      | 3765 ||| Stepping ~*~*~tactically~*~*~ (outnumbered).
  3808 | D:5      | Found an opulent altar of Gozag.
  3808 | D:5      | Found an ancient bone altar of Kikubaaqudgha.
  3838 | D:5      | Found Cupyiwel's Weapon Emporium.
  3956 | D:5      | 3956 ||| Stepping ~*~*~tactically~*~*~ (hiding).
  3959 | D:5      | 3959 ||| Stepping ~*~*~tactically~*~*~ (hiding).
  3960 | D:5      | 3960 ||| Stepping ~*~*~tactically~*~*~ (hiding).
  3979 | D:5      | 3979 ||| Stepping ~*~*~tactically~*~*~ (stealth).
  3990 | D:5      | 3990 ||| READING scroll of enchant armour.
  3990 | D:5      | 3990 ||| ENCHANTING +1 cloak.
  4033 | D:5      | 4033 ||| Stepping ~*~*~tactically~*~*~ (stealth).
  4041 | D:5      | 4041 ||| Stepping ~*~*~tactically~*~*~ (stealth).
  4042 | D:5      | Identified the +6 quarterstaff of Zecsos {venom, rElec}
  4049 | D:5      | 4049 ||| FLEEEEING.
  4050 | D:5      | 4050 ||| FLEEEEING.
  4051 | D:5      | 4051 ||| FLEEEEING.
  4052 | D:5      | 4052 ||| FLEEEEING.
  4053 | D:5      | 4053 ||| FLEEEEING.
  4056 | D:5      | 4056 ||| STAIRDANCE
  4069 | D:4      | 4069 ||| UPGRADING to +0 kite shield.
  4074 | D:4      | 4074 ||| READING scroll labelled GITYBR IRCHE.
  4075 | D:4      | 4075 ||| READING scroll labelled WUMUYT DERYR.
  4076 | D:4      | 4076 ||| DRINKING 2 puce potions.
  4123 | D:5      | 4123 ||| Stepping ~*~*~tactically~*~*~ (stealth).
  4132 | D:5      | 4132 ||| Stepping ~*~*~tactically~*~*~ (stealth).
  4136 | D:5      | Reached skill level 1 in Shields
  4144 | D:5      | 4144 ||| Stepping ~*~*~tactically~*~*~ (stealth).
  4145 | D:5      | 4145 ||| Stepping ~*~*~tactically~*~*~ (stealth).
  4146 | D:5      | 4146 ||| Stepping ~*~*~tactically~*~*~ (stealth).
  4147 | D:5      | 4147 ||| Stepping ~*~*~tactically~*~*~ (stealth).
  4192 | D:5      | 4192 ||| Stepping ~*~*~tactically~*~*~ (stealth).
  4202 | D:5      | Found a burning altar of Makhleb.
  4212 | D:5      | Found a sparkling altar of Nemelex Xobeh.
  4222 | D:5      | 4222 ||| Stepping ~*~*~tactically~*~*~ (stealth).
  4232 | D:5      | Reached XP level 9. HP: 85/85 MP: 7/9
  4309 | D:5      | 4309 ||| Stepping ~*~*~tactically~*~*~ (stealth).
  4312 | D:5      | 4312 ||| Stepping ~*~*~tactically~*~*~ (hiding).
  4313 | D:5      | 4313 ||| Stepping ~*~*~tactically~*~*~ (hiding).
  4315 | D:5      | 4315 ||| Stepping ~*~*~tactically~*~*~ (hiding).
  4491 | D:6      | 4491 ||| INVOKING Fiery Armour.
  4492 | D:6      | 4492 ||| Stepping ~*~*~tactically~*~*~ (outnumbered).
  4494 | D:6      | 4494 ||| Stepping ~*~*~tactically~*~*~ (outnumbered).
  4497 | D:6      | Reached skill level 3 in Shields
  5005 | D:6      | 5005 ||| Stepping ~*~*~tactically~*~*~ (stealth).
  5015 | D:6      | 5015 ||| Stepping ~*~*~tactically~*~*~ (hiding).
  5025 | D:6      | Reached skill level 6 in Shields
  5205 | D:6      | 5205 ||| READING 2 scrolls of identify.
  5205 | D:6      | 5205 ||| IDENTIFYING brown potion
  5290 | D:7      | 5290 ||| Stepping ~*~*~tactically~*~*~ (stealth).
  5291 | D:7      | 5291 ||| Stepping ~*~*~tactically~*~*~ (stealth).
  5349 | D:7      | Noticed a two-headed ogre
  5358 | D:7      | 5358 ||| INVOKING Fiery Armour.
  5361 | D:7      | Killed a two-headed ogre
  5434 | D:7      | Found a staircase to the Ecumenical Temple.
  5538 | D:7      | Reached XP level 10. HP: 92/94 MP: 10/10
  5661 | D:7      | 5661 ||| Stepping ~*~*~tactically~*~*~ (stealth).
  5662 | D:7      | 5662 ||| Stepping ~*~*~tactically~*~*~ (stealth).
  5829 | D:7      | 5829 ||| Stepping ~*~*~tactically~*~*~ (stealth).
  5831 | D:7      | 5831 ||| Stepping ~*~*~tactically~*~*~ (hiding).
  5902 | D:7      | 5902 ||| INVOKING Fiery Armour.
  5915 | D:7      | Found an iron altar of Okawaru.
  5943 | D:7      | 5943 ||| READING scroll labelled CUNUOS DOMO.
  5944 | D:7      | 5944 ||| READING scroll labelled XURACI IHUAMI.
  5945 | D:7      | 5945 ||| READING scroll labelled GOUNU HIFODUCW.
  6046 | D:7      | 6046 ||| READING 3 scrolls of identify.
  6046 | D:7      | 6046 ||| IDENTIFYING murky green potion
  6047 | D:7      | 6047 ||| READING 2 scrolls of identify.
  6047 | D:7      | 6047 ||| IDENTIFYING emerald potion
  6048 | D:7      | 6048 ||| DROPPING potion of berserk rage.
  6049 | D:7      | 6049 ||| DROPPING potion of degeneration.
  6196 | D:8      | Reached skill level 11 in Unarmed Combat
  6251 | D:8      | Noticed Amaemon
  6251 | D:8      | Noticed an orange demon
  6252 | D:8      | 6252 ||| Stepping ~*~*~tactically~*~*~ (hiding).
  6258 | D:8      | 6258 ||| INVOKING Fiery Armour.
  6260 | D:8      | Killed an orange demon
  6264 | D:8      | 6264 ||| Stepping ~*~*~tactically~*~*~ (outnumbered).
  6267 | D:8      | 6267 ||| Stepping ~*~*~tactically~*~*~ (outnumbered).
  6269 | D:8      | 6269 ||| Stepping ~*~*~tactically~*~*~ (outnumbered).
  6270 | D:8      | 6270 ||| Stepping ~*~*~tactically~*~*~ (outnumbered).
  6271 | D:8      | 6271 ||| Stepping ~*~*~tactically~*~*~ (outnumbered).
  6282 | D:8      | 6282 ||| Stepping ~*~*~tactically~*~*~ (outnumbered).
  6292 | D:8      | HP: 22/94 [poisoned by Amaemon]
  6293 | D:8      | 6293 ||| DRINKING 3 potions of heal wounds.
  6293 | D:8      | Killed Amaemon
  6294 | D:8      | Reached skill level 9 in Shields
  6299 | D:8      | HP: 23/94 [poisoned by Amaemon]
  6304 | D:8      | HP: 21/94 [poisoned by Amaemon]
  6402 | D:8      | Noticed Erica
  6403 | D:8      | 6403 ||| Stepping ~*~*~tactically~*~*~ (stealth).
  6404 | D:8      | 6404 ||| Stepping ~*~*~tactically~*~*~ (hiding).
  6414 | D:8      | 6414 ||| INVOKING Fiery Armour.
  6415 | D:8      | 6415 ||| Stepping ~*~*~tactically~*~*~ (outnumbered).
  6418 | D:8      | 6418 ||| Stepping ~*~*~tactically~*~*~ (outnumbered).
  6420 | D:8      | Found a white marble altar of Elyvilon.
  6430 | D:8      | Killed Erica
  6446 | D:8      | Noticed a two-headed ogre
  6447 | D:8      | 6447 ||| FLEEEEING.
  6481 | D:8      | Killed a two-headed ogre
  6482 | D:8      | Reached skill level 12 in Unarmed Combat
  6510 | D:8      | 6510 ||| Stepping ~*~*~tactically~*~*~ (stealth).
  6776 | D:8      | 6776 ||| Stepping ~*~*~tactically~*~*~ (hiding).
  7006 | D:8      | 7006 ||| UPGRADING to ring of resist corrosion.
  7007 | D:8      | 7007 ||| READING 2 scrolls labelled MOM JEOMIALE.
  7008 | D:8      | 7008 ||| READING 2 scrolls of identify.
  7008 | D:8      | 7008 ||| IDENTIFYING pink potion
  7009 | D:8      | 7009 ||| DROPPING scroll of magic mapping.
  7032 | D:9      | 7032 ||| Stepping ~*~*~tactically~*~*~ (hiding).
  7033 | D:9      | 7033 ||| Stepping ~*~*~tactically~*~*~ (hiding).
  7042 | D:9      | 7042 ||| INVOKING Fiery Armour.
  7045 | D:9      | 7045 ||| Stepping ~*~*~tactically~*~*~ (outnumbered).
  7046 | D:9      | 7046 ||| Stepping ~*~*~tactically~*~*~ (outnumbered).
  7049 | D:9      | 7049 ||| Stepping ~*~*~tactically~*~*~ (outnumbered).
  7098 | D:9      | 7098 ||| Stepping ~*~*~tactically~*~*~ (hiding).
  7274 | D:9      | 7274 ||| Stepping ~*~*~tactically~*~*~ (hiding).
  7279 | D:9      | 7279 ||| INVOKING Fiery Armour.
  7280 | D:9      | 7280 ||| Stepping ~*~*~tactically~*~*~ (outnumbered).
  7286 | D:9      | 7286 ||| Stepping ~*~*~tactically~*~*~ (outnumbered).
  7287 | D:9      | 7287 ||| Stepping ~*~*~tactically~*~*~ (outnumbered).
  7295 | D:9      | 7295 ||| Stepping ~*~*~tactically~*~*~ (outnumbered).
  7306 | D:9      | 7306 ||| DRINKING 3 potions of curing.
  7306 | D:9      | 7306 ||| (to cure confusion)
  7308 | D:9      | 7308 ||| Stepping ~*~*~tactically~*~*~ (outnumbered).
  7309 | D:9      | 7309 ||| Stepping ~*~*~tactically~*~*~ (outnumbered).
  7323 | D:9      | 7323 ||| Stepping ~*~*~tactically~*~*~ (stealth).
  7327 | D:9      | 7327 ||| Stepping ~*~*~tactically~*~*~ (stealth).
  7328 | D:9      | 7328 ||| Stepping ~*~*~tactically~*~*~ (stealth).
  7350 | D:9      | Noticed an elephant
  7351 | D:9      | Found a staircase to the Lair.
  7354 | D:9      | 7354 ||| Stepping ~*~*~tactically~*~*~ (outnumbered).
  7355 | D:9      | 7355 ||| Stepping ~*~*~tactically~*~*~ (outnumbered).
  7356 | D:9      | 7356 ||| Stepping ~*~*~tactically~*~*~ (outnumbered).
  7357 | D:9      | 7357 ||| Stepping ~*~*~tactically~*~*~ (outnumbered).
  7359 | D:9      | 7359 ||| Stepping ~*~*~tactically~*~*~ (outnumbered).
  7361 | D:9      | 7361 ||| Stepping ~*~*~tactically~*~*~ (outnumbered).
  7365 | D:9      | Killed an elephant
  7366 | D:9      | Reached skill level 3 in Throwing
  7366 | D:9      | Reached XP level 11. HP: 92/102 MP: 9/11
  7382 | D:9      | 7382 ||| DRINKING potion of cancellation.
  7475 | D:9      | Found Wogezadgh's Magic Scroll Boutique.
  7483 | D:9      | 7483 ||| BUYING scroll of brand weapon (123 gold).
  7483 | D:9      | Bought a scroll of brand weapon for 123 gold pieces
  7483 | D:9      | 7483 ||| BUYING scroll of enchant weapon (97 gold).
  7483 | D:9      | Bought a scroll of enchant weapon for 97 gold pieces
  7525 | D:9      | 7525 ||| FLEEEEING.
  7526 | D:9      | 7526 ||| FLEEEEING.
  7527 | D:9      | 7527 ||| FLEEEEING.
  7528 | D:9      | 7528 ||| FLEEEEING.
  7529 | D:9      | 7529 ||| FLEEEEING.
  7787 | D:9      | Found a flagged portal.
  7877 | D:9      | Found a staircase to the Orcish Mines.
  7907 | D:9      | 7907 ||| PLANNING LAIR
  7907 | D:9      | 7907 ||| READING 2 scrolls of identify.
  7907 | D:9      | 7907 ||| IDENTIFYING sapphire potion
  7908 | D:9      | 7908 ||| DROPPING potion of invisibility.
  7929 | Lair:1   | Entered Level 1 of the Lair of Beasts
  7930 | Lair:1   | 7930 ||| PLANNING GAUNTLET
  7933 | Lair:1   | Found a frozen archway.
  7939 | Lair:1   | 7939 ||| Stepping ~*~*~tactically~*~*~ (stealth).
  7940 | Lair:1   | 7940 ||| Stepping ~*~*~tactically~*~*~ (stealth).
  7941 | Lair:1   | 7941 ||| Stepping ~*~*~tactically~*~*~ (stealth).
  7942 | Lair:1   | 7942 ||| INVOKING Fiery Armour.
  7955 | Lair:1   | 7955 ||| Stepping ~*~*~tactically~*~*~ (outnumbered).
  8028 | Lair:1   | Noticed Grum
  8035 | Lair:1   | Reached skill level 13 in Unarmed Combat
  8037 | Lair:1   | Reached skill level 1 in Armour
  8040 | Lair:1   | Killed Grum
  8077 | Lair:1   | 8077 ||| Stepping ~*~*~tactically~*~*~ (outnumbered).
  8078 | Lair:1   | 8078 ||| Stepping ~*~*~tactically~*~*~ (outnumbered).
  8079 | Lair:1   | 8079 ||| Stepping ~*~*~tactically~*~*~ (outnumbered).
  8080 | Lair:1   | 8080 ||| Stepping ~*~*~tactically~*~*~ (outnumbered).
  8081 | Lair:1   | 8081 ||| Stepping ~*~*~tactically~*~*~ (outnumbered).
  8082 | Lair:1   | 8082 ||| Stepping ~*~*~tactically~*~*~ (outnumbered).
  8083 | Lair:1   | 8083 ||| Stepping ~*~*~tactically~*~*~ (outnumbered).
  8084 | Lair:1   | 8084 ||| Stepping ~*~*~tactically~*~*~ (outnumbered).
  8216 | Lair:1   | Found a gate leading to a gauntlet.
  8223 | Gauntlet | Entered a Gauntlet
  8223 | Gauntlet | Found a large runed translucent door.
  8223 | Gauntlet | Found a large runed translucent door.
  8223 | Gauntlet | Found a large runed translucent door.
  8223 | Gauntlet | Found a transporter.
  8223 | Gauntlet | Found a large runed translucent door.
  8223 | Gauntlet | Found a runed translucent door.
  8223 | Gauntlet | Found a large runed translucent door.
  8223 | Gauntlet | Found a large runed translucent door.
  8223 | Gauntlet | Found a large runed translucent door.
  8223 | Gauntlet | Found a large runed translucent door.
  8223 | Gauntlet | Found a runed translucent gate.
  8223 | Gauntlet | Found a runed translucent gate.
  8223 | Gauntlet | Found a transporter.
  8223 | Gauntlet | Found a transporter.
  8224 | Gauntlet | Found a transporter.
  8226 | Gauntlet | Noticed a sixfirhy
  8228 | Gauntlet | Found a transporter.
  8228 | Gauntlet | Found a transporter.
  8234 | Gauntlet | Found a transporter.
  8236 | Gauntlet | Found a transporter.
  8237 | Gauntlet | Found a transporter.
  8239 | Gauntlet | Found a transporter.
  8241 | Gauntlet | Noticed a hell hog
  8246 | Gauntlet | Found a runed translucent door.
  8249 | Gauntlet | Found a transporter.
  8251 | Gauntlet | Found a transporter.
  8252 | Gauntlet | Noticed a reaper
  8307 | Gauntlet | Found a runed translucent door.
  8307 | Gauntlet | Found a runed translucent gate.
  8310 | Gauntlet | Found a large runed translucent door.
  8310 | Gauntlet | Found a large runed translucent door.
  8310 | Gauntlet | Found a large runed translucent door.
  8310 | Gauntlet | Found a large runed translucent door.
  8311 | Gauntlet | Found a large runed translucent door.
  8311 | Gauntlet | Found a large runed translucent door.
  8312 | Gauntlet | Found a large runed translucent door.
  8312 | Gauntlet | Found a large runed translucent door.
  8340 | Gauntlet | Noticed a wizard
  8411 | Gauntlet | Killed a sixfirhy
  8461 | Gauntlet | 8461 ||| Stepping ~*~*~tactically~*~*~ (outnumbered).
  8462 | Gauntlet | 8462 ||| Stepping ~*~*~tactically~*~*~ (outnumbered).
  8463 | Gauntlet | 8463 ||| Stepping ~*~*~tactically~*~*~ (outnumbered).
  8468 | Gauntlet | 8468 ||| Stepping ~*~*~tactically~*~*~ (outnumbered).
  8556 | Gauntlet | 8556 ||| UPGRADING to ring of willpower.
  8578 | Gauntlet | HP: 20/102 [hell hog/fireball (19)]
  8579 | Gauntlet | 8579 ||| DRINKING 2 potions of heal wounds.
  8581 | Gauntlet | Killed a hell hog
  8585 | Gauntlet | HP: 25/102 [fire bat (3)]
  8586 | Gauntlet | 8586 ||| DRINKING potion of heal wounds.
  8651 | Gauntlet | 8651 ||| Stepping randomly (stuck).
  8652 | Gauntlet | 8652 ||| Stepping randomly (stuck).
  8653 | Gauntlet | 8653 ||| Stepping randomly (stuck).
  8654 | Gauntlet | 8654 ||| Stepping randomly (stuck).
  8655 | Gauntlet | 8655 ||| Stepping randomly (stuck).
  8656 | Gauntlet | 8656 ||| Stepping randomly (stuck).
  8674 | Gauntlet | 8674 ||| Stepping randomly (stuck).
  8676 | Gauntlet | 8676 ||| Stepping randomly (stuck).
  8678 | Gauntlet | 8678 ||| Stepping randomly (stuck).
  8679 | Gauntlet | 8679 ||| Stepping randomly (stuck).
  8680 | Gauntlet | 8680 ||| Stepping randomly (stuck).
  8682 | Gauntlet | 8682 ||| Stepping randomly (stuck).
  8684 | Gauntlet | 8684 ||| Stepping randomly (stuck).
  8686 | Gauntlet | 8686 ||| Stepping randomly (stuck).
  8688 | Gauntlet | 8688 ||| Stepping randomly (stuck).
  8689 | Gauntlet | 8689 ||| Stepping randomly (stuck).
  8690 | Gauntlet | 8690 ||| Stepping randomly (stuck).
  8692 | Gauntlet | 8692 ||| Stepping randomly (stuck).
  8694 | Gauntlet | 8694 ||| Stepping randomly (stuck).
  8696 | Gauntlet | 8696 ||| Stepping randomly (stuck).
  8698 | Gauntlet | 8698 ||| Stepping randomly (stuck).
  8699 | Gauntlet | 8699 ||| Stepping randomly (stuck).
  8700 | Gauntlet | 8700 ||| Stepping randomly (stuck).
  8701 | Gauntlet | 8701 ||| Stepping randomly (stuck).
  8702 | Gauntlet | 8702 ||| Stepping randomly (stuck).
  8703 | Gauntlet | 8703 ||| Stepping randomly (stuck).
  8704 | Gauntlet | 8704 ||| Stepping randomly (stuck).
  8705 | Gauntlet | 8705 ||| Stepping randomly (stuck).
  8706 | Gauntlet | 8706 ||| Stepping randomly (stuck).
  8707 | Gauntlet | 8707 ||| Stepping randomly (stuck).
  8708 | Gauntlet | 8708 ||| Stepping randomly (stuck).
  8719 | Gauntlet | Identified the +2 helmet of Sophism {Harm Will- MP+9}
  8760 | Gauntlet | 8760 ||| READING 2 scrolls of identify.
  8760 | Gauntlet | 8760 ||| IDENTIFYING glowing red potion
  8761 | Gauntlet | 8761 ||| DROPPING potion of ambrosia.
  8782 | Gauntlet | Identified the ring of Taicerou {+Blink rN+ rCorr Slay+3}
  8782 | Gauntlet | Noticed a minotaur
  8791 | Gauntlet | Killed a minotaur
  8792 | Gauntlet | Reached skill level 14 in Unarmed Combat
  8864 | Gauntlet | 8864 ||| UPGRADING to ring of Taicerou {+Blink rN+ rCorr
                  | Slay+3}.
  8866 | Gauntlet | 8866 ||| DROPPING ring of resist corrosion.
  8867 | Gauntlet | 8867 ||| UPGRADING to +4 ring of slaying {mikee}.
  8869 | Gauntlet | 8869 ||| DROPPING ring of willpower.
  8883 | Lair:1   | 8883 ||| PLANNING CONVERSION TO OKAWARU
  8998 | D:7      | 8998 ||| PLANNING D:1-11
  9041 | D:6      | 9041 ||| READING scroll of teleportation.
  9042 | D:6      | 9042 ||| PLANNING LAIR
  9191 | Lair:1   | Identified the +1 ring mail "Tiream Hupoe" {Int+4 Dex+6}
  9238 | Lair:1   | 9238 ||| Stepping ~*~*~tactically~*~*~ (outnumbered).
  9246 | Lair:1   | Reached skill level 6 in Fighting
  9424 | Lair:1   | Paralysed by a hornet for 2 turns
  9429 | Lair:1   | Reached XP level 12. HP: 91/114 MP: 9/12
  9560 | Lair:2   | 9560 ||| STAIRDANCE
  9565 | Lair:2   | 9565 ||| STAIRDANCE
  9570 | Lair:2   | 9570 ||| STAIRDANCE
  9689 | Lair:2   | Noticed a seven-headed hydra
  9692 | Lair:2   | Noticed a five-headed hydra
  9694 | Lair:2   | HP: 26/114 [ten-headed hydra (14)]
  9695 | Lair:2   | 9695 ||| READING scroll of teleportation.
  9695 | Lair:2   | HP: 10/114 [poisoned by a cane toad]
  9695 | Lair:2   | HP: 3/114 [ten-headed hydra (7)]
  9695 | Lair:2   | Mangled by a ten-headed hydra

Levels and vault maps discovered:
D:1:      amcnicky_arrival_wind_blow, layout_basic
D:2:      layout_rooms
D:3:      layout_basic, hellmonk_ghost_happy_afterlife, minmay_cut_off,
          uniq_ijyb, uniq_grinder
D:4:      layout_loops_ring, serial_shops, shop_fountains, shop
D:5:      layout_cave_pools, mainiacjoe_overflow_surrounded_room,
          gammafunk_temple_overflow_wave, nemelex_xobeh_ov_fountains_minmay,
          serial_gnoll_camp, gnoll_camp_huts_moat, gnoll_camp_mini_doghouse,
          gnoll_camp_mini_hut, gnoll_camp_mini_shop, gnoll_camp_mini_house,
          gnoll_camp_mini_doghouse
D:6:      layout_basic
D:7:      layout_basic, okawaru_altar_gauntlet_db, minmay_temple_entry_tees
D:8:      layout_basic, lemuel_tele_altar, uniq_erica, uniq_amaemon
D:9:      layout_basic, david_lair_generic, hiddenorc1_lemuel, enter_bailey_8,
          serial_shops, shop_scrolls
Lair:1:   layout_long_grid, portal_ice_cave_entry_pillars_2,
          gauntlet_entry_generic, uniq_grum
Lair:2:   layout_roguey, palyth_hydra_swamp_entry, minivault_25,
          grunt_megastairs_3

Skill      XL: |  1  2  3  4  5  6  7  8  9 10 11 |
---------------+----------------------------------+-----
Unarmed Combat | 4 5 7 8 9 10 12 14 | 14.3
Fighting       | 3 4 5 6 |  6.0
Dodging        | 1 |  1.0
Throwing       | 1 3 4 |  4.9
Shields        | 2 8 9 10 | 10.0
Armour         | 1 |  1.2
Spellcasting   | |  1.0
Fire Magic     | |  2.1

Action                   |  1- 3 |  4- 6 |  7- 9 | 10-12 || total
-------------------------+-------+-------+-------+-------++-------
Melee: Unarmed           |    72 |   137 |   233 |   311 ||   753
       Punch             |       |     4 |    10 |       ||    14
Throw: Boomerang         |       |       |    61 |    21 ||    82
       Javelin           |       |       |       |    43 ||    43
Invok: Fiery Armour      |       |     2 |     4 |     6 ||    12
  Use: Scroll            |     3 |     7 |     7 |    11 ||    28
       Potion            |       |     2 |     1 |     5 ||     8
Armor: Robe              |    39 |    49 |   104 |   117 ||   309
Dodge: Dodged            |    28 |    42 |   101 |    99 ||   270
Block: Kite shield       |       |       |    28 |   127 ||   155

Table legend:
 A = Non-vault XP
 B = Vault XP
 C = Vault XP percentage of total XP
 D = Non-vault monster count
 E = Vault monster count
 F = Vault count percentage of total count
                 A         B        C        D         E       F
            +---------+---------+-------+---------+---------+-------
      Total |   14656 |    8555 |  36.9 |     219 |      93 |  29.8
            +---------+---------+-------+---------+---------+-------
        D:1 |      35 |       0 |   0.0 |      17 |       0 |   0.0
        D:2 |      88 |       0 |   0.0 |      22 |       0 |   0.0
        D:3 |     129 |     320 |  71.3 |      24 |       7 |  22.6
        D:4 |     363 |      74 |  16.9 |      20 |       3 |  13.0
        D:5 |     906 |     972 |  51.8 |      17 |      38 |  69.1
        D:6 |    1254 |       0 |   0.0 |      24 |       0 |   0.0
        D:7 |    1542 |      37 |   2.3 |      24 |       6 |  20.0
        D:8 |    1749 |    2031 |  53.7 |      25 |       3 |  10.7
        D:9 |    1300 |    1352 |  51.0 |      20 |      21 |  51.2
     Lair:1 |    6234 |     415 |   6.2 |      24 |       3 |  11.1
     Lair:2 |     270 |     157 |  36.8 |       1 |       1 |  50.0
   Gauntlet |     786 |    3197 |  80.3 |       1 |      11 |  91.7
            +---------+---------+-------+---------+---------+-------
